 Dungeon Crawl Stone Soup version 0.20-a0-428-g059cf21 (webtiles) character file.

56515 tboon the Severer (level 14, 0/129 HPs)
             Began as a Minotaur Berserker on Jan 1, 2017.
             Was the Champion of Trog.
             Slain by Rupert
             ... wielding a +1 great sword of slicing
              (24 damage)
             ... on level 12 of the Dungeon.
             The game lasted 01:10:01 (20364 turns).

tboon the Severer (Minotaur Berserker)             Turns: 20364, Time: 01:10:02

Health: 0/129      AC: 25    Str: 27    XL:     14   Next: 42%
Magic:  13/13      EV: 17    Int:  6    God:    Trog [******]
Gold:   1033       SH:  0    Dex: 12    Spells: 13/13 levels left

rFire  . . .     SeeInvis .     L - +1 battleaxe of Megalomania {chop, rC++ Str+4 Stlth-}
rCold  + + .     Gourm    .     f - +0 plate armour
rNeg   . . .     Faith    .     (shield currently unavailable)
rPois  .         Spirit   .     N - +2 hat
rElec  .         Reflect  .     G - +2 cloak
rCorr  .         Harm     .     (no gloves)
MR     +++..                    e - +2 pair of boots
Stlth  ..........               (no amulet)
                                M - +3 ring of slaying
                                p - +4 ring of evasion

@: regenerating
A: retaliatory headbutt, horns 2
a: Berserk, Trog's Hand, Brothers in Arms, Burn Spellbooks, Renounce Religion


You were on level 12 of the Dungeon.
You worshipped Trog.
Trog was exalted by your worship.
You were very hungry.

You visited 2 branches of the dungeon, and saw 19 of its levels.
You also visited: Bailey.

You collected 1273 gold pieces.
You spent 240 gold pieces at shops.

Inventory:

Hand Weapons
 a - a +2 war axe
   (You found it on level 5 of the Dungeon)
 b - a +5 flail of freezing
   (You took it off a wight on level 10 of the Dungeon)
 L - the +1 battleaxe of Megalomania (weapon) {chop, rC++ Str+4 Stlth-}
   (You acquired it on level 3 of the Lair of Beasts)

   It inflicts extra damage upon your enemies.
   It affects your strength (+4).
   It greatly protects you from cold.
   It makes you less stealthy.
Armour
 e - a +2 pair of boots (worn)
   (You found it on level 1 of the Dungeon)
 f - a +0 plate armour (worn)
   (You found it on level 1 of the Dungeon)
 G - a +2 cloak (worn)
   (You took it off Crazy Yiuf on level 7 of the Dungeon)
 I - a +0 buckler
   (You found it on level 5 of the Dungeon)
 N - a +2 hat (worn)
   (You took it off Gastronok on level 8 of the Dungeon)
Jewellery
 i - an uncursed ring of magical power {MP+9}
   (You found it on level 12 of the Dungeon)
 n - an uncursed ring of resist corrosion
   (You found it on level 2 of the Dungeon)
 p - a +4 ring of evasion (left hand)
   (You found it on level 7 of the Dungeon)
 C - an uncursed ring of positive energy {rN+}
   (You found it on level 12 of the Dungeon)
 F - an uncursed ring of see invisible {sInv, !d}
   (You found it on level 12 of the Dungeon)
 H - an uncursed ring of protection from fire {rF+, !d}
   (You took it off an orc on level 5 of the Dungeon)
 M - a +3 ring of slaying (right hand)
   (You found it on level 8 of the Dungeon)
Wands
 j - a wand of iceblast (9/15)
   (You took it off Erica on level 9 of the Dungeon)
 o - a wand of iceblast (8/15)
   (You found it on level 6 of the Lair of Beasts)
 s - a wand of lightning (5/15)
   (You found it on level 4 of the Lair of Beasts)
 y - a wand of disintegration (11/24)
   (You found it on level 6 of the Lair of Beasts)
 D - a wand of flame (14/48)
   (You found it on level 11 of the Dungeon)
 E - a wand of digging (15/24)
   (You found it on level 4 of the Dungeon)
 P - a wand of acid (7/15)
   (You found it on level 3 of the Lair of Beasts)
 Q - a wand of disintegration (21/24)
   (You found it on level 12 of the Dungeon)
 R - a wand of lightning (7/15)
   (You found it on level 12 of the Dungeon)
 W - a wand of lightning (6/15)
   (You found it on level 11 of the Dungeon)
 Z - a wand of digging (8/24)
   (You found it on level 1 of the Lair of Beasts)
Scrolls
 l - a scroll of holy word {!r}
 t - 2 scrolls of recharging
 u - 4 scrolls of magic mapping {!r}
 v - 3 scrolls of teleportation
 x - 9 scrolls of remove curse
 K - 3 scrolls of blinking {!r}
 S - a scroll of summoning
 U - 3 scrolls of enchant armour
Potions
 d - 9 potions of heal wounds
 g - 10 potions of curing
 h - 5 potions of lignification {!q}
 k - 2 potions of haste
 m - 2 potions of agility
 q - 2 potions of might
 z - 4 potions of resistance
 A - 2 potions of cure mutation {!q}
 B - a potion of cancellation
 J - a potion of brilliance {unknown}
 O - 3 potions of flight
 T - a potion of berserk rage {!q}
Comestibles
 c - 14 bread rations
 r - 9 meat rations
 w - a beef jerky
 V - 14 chunks of flesh


   Skills:
 + Level 13.0 Fighting
 * Level 17.8 Axes
 + Level 13.2 Armour
 + Level 12.0 Dodging
 - Level 9.1 Shields


You had 13 spell levels left.
You didn't know any spells.

Dungeon Overview and Level Annotations

Branches:
Dungeon (13/15) Temple (0/1) D:4 Lair (6/6) D:9 Swamp (0/4) Lair:3 Spider (0/4) Lair:3 Orc (0/2) D:10 Vaults (0/5) D:12 D:13 Slime: Lair:5-6

Altars:
Cheibriados
Dithmenos
Fedhas
Kikubaaqudgha
Qazlal
Uskayaw
Yredelemnul
Zin

Shops:
D:6 %??[   D:8 :   D:10 ?

Annotations:
D:12 Rupert
D:13 Urug
Lair:1 exclusion: 2 oklob plants
Lair:6 exclusion: oklob plant


Innate Abilities, Weirdness & Mutations

You reflexively headbutt those who attack you in melee.
You have a pair of horns on your head.


Message History

You kill the human!
Trog accepts your kill.
Your plate armour prevents you from hitting the human.
You hit the red ugly thing. You hit the human. The human barely misses you.
The human hits you but does no damage. The human closely misses you.
Urug misses you.
You hit Rupert. You headbutt Rupert, but do no damage.
Rupert is lightly wounded.
You slash the human!
You kill the human!
Trog accepts your kill.
You miss the human. You slash the human!
You kill the human!
Trog accepts your kill.
Your Fighting skill increases to level 13!
You hit the human. You slice the human!! You slash the red ugly thing!
You hit the human but do no damage. The human closely misses you.
You furiously retaliate!
You headbutt the human.
The red ugly thing pecks you but does no damage.
The human misses you. You furiously retaliate!
You headbutt the human. The human barely misses you.
You hit Rupert but do no damage. You headbutt Rupert.
Rupert is lightly wounded.
You slash the human!
You kill the human!
Trog accepts your kill.
You barely miss the centaur warrior. You slash the human! x2
You kill the human!
Trog accepts your kill.
You hit the red ugly thing. You closely miss the human. The human hits you.
Rupert hits you with a great sword of slicing!
The centaur warrior unwields an uncursed shortbow.
The centaur warrior hits you but does no damage.
Urug hits you from afar with a glaive of protection!!
The red ugly thing pecks you.
You are engulfed in flames!!
The human hits you but does no damage. The human barely misses you. x2
Rupert misses you. The centaur warrior closely misses you.
You furiously retaliate!
You headbutt the centaur warrior.
The human hits you but does no damage. x2
The red ugly thing barely misses you. You furiously retaliate!
You headbutt the red ugly thing!
Urug hits you from afar with a glaive of protection!
You climb upwards.
There is a stone staircase leading down here.
You barely miss Rupert. You headbutt Rupert, but do no damage.
Rupert is lightly wounded.
You closely miss the red ugly thing. You slash the human!
You barely miss the centaur warrior. You hit the human. You slash the human!
You kill the human!
Trog accepts your kill.
You slash the human!
Your plate armour prevents you from hitting the human.
The centaur warrior closely misses you.
Rupert hits you with a great sword of slicing.
The human hits you but does no damage. The human misses you.
The human closely misses you. x2; The red ugly thing closely misses you.
You furiously retaliate!
You headbutt the red ugly thing. You closely miss Rupert.
Rupert is lightly wounded.
You slash the red ugly thing! You slash the human!
You kill the human!
Trog accepts your kill.
You slash the centaur warrior! You hit the human.
Your plate armour prevents you from hitting the human.
You slash the human! The centaur warrior hits you.
Rupert completely misses you. You furiously retaliate!
You headbutt Rupert, but do no damage. The human barely misses you.
The human hits you but does no damage. x2
The centaur warrior closely misses you.
Your deep troll goes berserk!
You are feeling very hungry.
Rupert hits you with a great sword of slicing!!
* * * LOW HITPOINT WARNING * * *
x2 The red ugly thing pecks you but does no damage.
The centaur warrior hits you but does no damage.
The human closely misses you. You furiously retaliate!
You headbutt the human. The human closely misses you. The human misses you.
You slash Rupert! You headbutt Rupert, but do no damage.
Rupert is lightly wounded.
You closely miss the human. You slash the human!
You kill the human!
Trog accepts your kill.
You hit the human. You slash the centaur warrior! You slash the red ugly thing!
The centaur warrior hits you but does no damage.
Rupert misses you. You furiously retaliate!
You headbutt Rupert.
The red ugly thing pecks you but does no damage.
Your deep troll bites the centaur warrior!!
The centaur warrior dies!
Trog accepts your kill.
Your Dodging skill increases to level 12!
The human barely misses you. x2; You furiously retaliate!
You headbutt the human! You slash Rupert! You headbutt Rupert.
Rupert is lightly wounded.
You slash the red ugly thing!
You kill the red ugly thing!
Trog accepts your kill.
You closely miss the human. You hit the human.
Rupert hits you with a great sword of slicing!!
You die...

)....##..####.#
#.........##).
#######....##.#
#...########..
)....##.##.##.# #...# #..
.....##.##.##.## ##...# #..
...)...........####....###
#..
.÷##.#####.##...##.......##
###
...........#.....#....#...#
.###.######....†@p.#......#
.....# #.....†@†....#...#
######
##...T)p..#.###.#######
##.....#.#.###.......#
##...##.......#####.#
##.#####.##### #.# ##...##
#..# #.## #.....####.###
###... #....###.....#
#..... #.#.## #.....#
#.###.


You could see Rupert (berserk), 2 humans and a friendly deep troll (berserk).

Vanquished Creatures
  Gastronok (D:8)
  Nessos (D:12)
  3 hydras
  Erica (D:9)
  2 centaur warriors
  6 two-headed ogres
  2 unseen horrors (D:11)
  2 lindwurms (Lair:5)
  A necromancer (Lair:2)
  2 ugly things
  An elephant (Lair:5)
  A manticore (Lair:5)
  2 black mambas
  Joseph (D:7)
  2 torpor snails (Lair:5)
  5 spiny frogs
  2 rime drakes
  A komodo dragon (shapeshifter) (D:11)
  6 komodo dragons
  A queen bee (Lair:5)
  3 meliai (Lair:5)
  3 trolls
  4 polar bears (Lair:6)
  4 hornets (Lair:6)
  Grinder (D:6)
  Prince Ribbit (D:7)
  23 blink frogs
  9 hippogriffs
  Sigmund (D:5)
  A shadow (D:12)
  12 spriggans
  45 yaks
  A vampire (D:10)
  2 redbacks (Lair:3)
  5 wyverns
  9 humans
  A basilisk (Lair:1)
  5 swamp worms (Lair:3)
  4 wargs (D:10)
  A soldier ant (D:11)
  Duvessa (D:4)
  12 water moccasins
  14 porcupines
  2 ice beasts
  5 sky beasts
  3 black bears
  4 orc warriors
  2 ogres
  A phantom (D:5)
  23 wolves
  5 boggarts (Lair:6)
  9 centaurs
  20 crocodiles
  2 big kobolds
  Dowan (D:4)
  16 bullfrogs
  A wyvern zombie (D:8)
  3 scorpions
  29 killer bees (Lair:5)
  6 howler monkeys
  4 wights
  2 electric eels
  4 crimson imps
  2 centaur zombies
  A quasit (D:11)
  Crazy Yiuf (D:7)
  A bullfrog zombie (D:10)
  6 jellies
  7 hounds
  9 orc wizards
  2 bullfrog skeletons (D:11)
  3 orc priests (D:10)
  3 centaur skeletons
  2 iguanas
  Ijyb (D:3)
  A hell rat (Lair:5)
  Natasha (D:3)
  2 polar bear simulacra (Lair:2)
  10 worker ants
  2 yak simulacra (Lair:2)
  3 wolf simulacra (Lair:2)
  A hound skeleton (D:5)
  A worker ant zombie (D:9)
  17 gnolls
  13 adders
  2 shadow imps
  An ooze (D:1)
  2 adder skeletons
  2 worms
  3 dart slugs
  7 leopard geckos
  32 orcs
  4 giant cockroaches
  16 hobgoblins
  15 jackals
  2 quokkas (D:5)
  2 ball pythons
  6 bats
  6 frilled lizards
  10 goblins
  26 kobolds
  A leopard gecko skeleton (D:6)
  5 rats
  4 river rat simulacra (Lair:2)
  4 fungi
  A plant (Lair:6)
587 creatures vanquished.

Vanquished Creatures (collateral kills)
  A centaur warrior (D:12)
1 creature vanquished.

Vanquished Creatures (others)
  A human (D:7)
  2 centaurs (D:12)
  10 fungi
  10 plants
23 creatures vanquished.

Grand Total: 611 creatures vanquished

Notes
Turn   | Place    | Note
-------+----------+-------------------------------------------
     0 | D:1      | tboon the Minotaur Berserker began the quest for the Orb.
     0 | D:1      | Reached XP level 1. HP: 19/19 MP: 0/0
   117 | D:1      | Reached XP level 2. HP: 23/27 MP: 1/1
   524 | D:1      | Reached skill level 4 in Axes
   639 | D:1      | Reached skill level 4 in Fighting
   809 | D:2      | Reached XP level 3. HP: 33/33 MP: 2/2
  1122 | D:2      | Reached skill level 3 in Armour
  1124 | D:2      | Reached ** piety under Trog
  1209 | D:2      | Reached XP level 4. HP: 37/40 MP: 3/3
  1218 | D:2      | Reached skill level 5 in Axes
  1220 | D:2      | Reached skill level 3 in Dodging
  1989 | D:3      | Noticed Natasha
  1992 | D:3      | Killed Natasha
  1992 | D:3      | Reached XP level 5. HP: 46/47 MP: 4/4
  1995 | D:3      | HP: 9/47 [hobgoblin/wand of lightning (?/15) (18)]
  2003 | D:3      | Found a hide-covered altar of Uskayaw.
  2003 | D:3      | Noticed Ijyb
  2008 | D:3      | HP: 10/47 [Ijyb (1)]
  2016 | D:3      | Killed Ijyb
  2422 | D:4      | Reached skill level 6 in Axes
  2652 | D:4      | Noticed Duvessa
  2652 | D:4      | Noticed Dowan
  2676 | D:4      | Killed Duvessa
  2676 | D:4      | Reached skill level 5 in Fighting
  2676 | D:4      | Reached XP level 6. HP: 56/56 MP: 5/5
  2678 | D:4      | Killed Dowan
  2678 | D:4      | Reached skill level 4 in Armour
  2790 | D:4      | Reached skill level 4 in Dodging
  3025 | D:4      | Reached *** piety under Trog
  3025 | D:4      | Reached XP level 7. HP: 56/61 MP: 6/6
  3057 | D:4      | Reached skill level 7 in Axes
  3430 | D:4      | Found a staircase to the Ecumenical Temple.
  3508 | D:4      | You fall through a shaft for 2 floors!
  3777 | D:6      | Reached skill level 6 in Fighting
  3777 | D:6      | Reached skill level 5 in Armour
  3786 | D:5      | Entered Level 5 of the Dungeon
  3807 | D:5      | Reached skill level 8 in Axes
  3989 | D:5      | Reached XP level 8. HP: 65/70 MP: 7/7
  4146 | D:5      | Reached skill level 5 in Dodging
  4146 | D:5      | Reached skill level 1 in Shields
  4333 | D:5      | Noticed Sigmund
  4338 | D:5      | Killed Sigmund
  4338 | D:5      | Reached skill level 2 in Shields
  4740 | D:6      | Found Iruniefo's Magic Scroll Shoppe.
  4747 | D:6      | Bought a scroll of identify for 22 gold pieces
  4747 | D:6      | Bought a scroll of identify for 22 gold pieces
  4747 | D:6      | Bought a scroll of blinking for 82 gold pieces
  4747 | D:6      | Bought a scroll of identify for 22 gold pieces
  4798 | D:6      | Found Iluggawk's Food Shop.
  4948 | D:6      | Reached skill level 9 in Axes
  4948 | D:6      | Reached skill level 3 in Shields
  5389 | D:6      | Found Bead's Magic Scroll Shoppe.
  5389 | D:6      | Noticed Grinder
  5394 | D:6      | Killed Grinder
  5394 | D:6      | Reached skill level 6 in Armour
  5425 | D:6      | Bought a scroll of identify for 26 gold pieces
  5455 | D:6      | Found Wighie's Antique Armour Shop.
  5649 | D:7      | Reached skill level 4 in Shields
  5656 | D:7      | Noticed Prince Ribbit
  5663 | D:7      | Reached skill level 7 in Fighting
  5663 | D:7      | Reached XP level 9. HP: 59/79 MP: 8/8
  5673 | D:7      | Killed Prince Ribbit
  5926 | D:7      | Noticed Joseph
  5935 | D:7      | Killed Joseph
  5935 | D:7      | Reached skill level 6 in Dodging
  5935 | D:7      | Reached skill level 5 in Shields
  6018 | D:7      | Found an ancient bone altar of Kikubaaqudgha.
  6055 | D:7      | Reached skill level 10 in Axes
  6300 | D:7      | Reached **** piety under Trog
  6427 | D:7      | Found a runed door.
  6553 | D:7      | Noticed Crazy Yiuf
  6557 | D:7      | Killed Crazy Yiuf
  6804 | D:8      | Reached skill level 7 in Armour
  6810 | D:8      | Reached skill level 6 in Shields
  6958 | D:8      | Found Tezuxax's Book Boutique.
  7171 | D:8      | Found a shadowy altar of Dithmenos.
  7172 | D:8      | Found a basalt altar of Yredelemnul.
  7172 | D:8      | Found a stormy altar of Qazlal.
  7172 | D:8      | Found a glowing silver altar of Zin.
  7179 | D:8      | Found a snail-covered altar of Cheibriados.
  7183 | D:8      | Found a blossoming altar of Fedhas.
  7214 | D:8      | Noticed Gastronok
  7226 | D:8      | Killed Gastronok
  7226 | D:8      | Reached skill level 8 in Fighting
  7226 | D:8      | Reached skill level 11 in Axes
  7226 | D:8      | Reached skill level 7 in Dodging
  7226 | D:8      | Reached skill level 7 in Shields
  7226 | D:8      | Reached XP level 10. HP: 88/88 MP: 9/9
  7611 | D:9      | Found a staircase to the Lair.
  7620 | D:9      | Reached skill level 8 in Armour
  7620 | D:9      | Reached skill level 8 in Shields
  7682 | D:9      | Noticed a two-headed ogre
  7691 | D:9      | Killed a two-headed ogre
  7846 | D:9      | Found a flagged portal.
  7859 | D:9      | Noticed Erica
  7884 | D:9      | Killed Erica
  7884 | D:9      | Reached skill level 12 in Axes
  7884 | D:9      | Reached skill level 9 in Shields
  7884 | D:9      | Reached XP level 11. HP: 57/95 MP: 10/10
  7903 | Bailey   | Entered a bailey
  8098 | Bailey   | Reached ***** piety under Trog
  8368 | D:9      | Reached skill level 9 in Fighting
  8692 | D:9      | Reached skill level 8 in Dodging
  9035 | D:9      | Noticed a two-headed ogre
  9044 | D:9      | Killed a two-headed ogre
  9044 | D:9      | Reached skill level 9 in Armour
  9121 | D:10     | Entered Level 10 of the Dungeon
  9139 | D:10     | Noticed a centaur warrior
  9151 | D:10     | Killed a centaur warrior
  9387 | D:10     | Noticed a two-headed ogre
  9395 | D:10     | Killed a two-headed ogre
  9395 | D:10     | Reached skill level 13 in Axes
  9734 | D:10     | Found a staircase to the Orcish Mines.
  9842 | D:10     | Got a shimmering robe
 10146 | D:10     | Found Hafyopn's Magic Scroll Boutique.
 10149 | D:10     | Bought a scroll of identify for 22 gold pieces
 10149 | D:10     | Bought a scroll of identify for 22 gold pieces
 10149 | D:10     | Bought a scroll of identify for 22 gold pieces
 10446 | D:11     | Received a gift from Trog
 10449 | D:11     | Reached skill level 10 in Fighting
 10538 | D:11     | Killed an unseen horror
 10538 | D:11     | Reached skill level 9 in Dodging
 10716 | D:11     | Noticed a purple ugly thing
 10723 | D:11     | Killed a purple ugly thing
 10755 | D:11     | Killed an unseen horror
 10755 | D:11     | Reached skill level 10 in Armour
 10794 | D:11     | Reached XP level 12. HP: 106/106 MP: 11/11
 10920 | D:11     | Noticed a centaur warrior
 10930 | D:11     | Killed a centaur warrior
 10930 | D:11     | Reached skill level 14 in Axes
 11491 | Lair:1   | Entered Level 1 of the Lair of Beasts
 12071 | Lair:1   | Got a smoking demon blade
 12072 | Lair:1   | Identified the cursed +1 demon blade of Vyviudet {pain, rF- Int+5} (You found it on level 1 of the Lair of Beasts)
 12485 | Lair:1   | Upgraded the game from 0.20-a0-421-gf6b327c to 0.20-a0-428-g059cf21
 12660 | Lair:2   | Reached skill level 11 in Armour
 12826 | Lair:2   | Reached skill level 15 in Axes
 12919 | Lair:2   | Reached skill level 10 in Dodging
 13038 | Lair:2   | Reached skill level 11 in Fighting
 13219 | Lair:3   | Received a gift from Trog
 13456 | Lair:3   | Noticed a five-headed hydra
 13463 | Lair:3   | Killed a five-headed hydra
 13535 | Lair:3   | Identified a scroll of acquirement
 13727 | Lair:3   | Found a hole to the Spider Nest.
 13930 | Lair:3   | Reached XP level 13. HP: 116/116 MP: 12/12
 14035 | Lair:3   | Found a staircase to the Swamp.
 14647 | Lair:3   | Got a jewelled battleaxe
 15519 | Lair:5   | Reached skill level 16 in Axes
 15979 | Lair:5   | Reached skill level 12 in Armour
 16050 | Lair:5   | Reached ****** piety under Trog
 16295 | Lair:5   | Reached skill level 11 in Dodging
 16406 | Lair:5   | Received a gift from Trog
 16416 | Lair:5   | Reached skill level 12 in Fighting
 17187 | Lair:5   | Got a faintly glowing hand crossbow
 17669 | Lair:5   | Identified the +1 battleaxe of Megalomania {chop, rC++ Str+4 Stlth-} (You acquired it on level 3 of the Lair of Beasts)
 17682 | Lair:6   | Entered Level 6 of the Lair of Beasts
 18210 | Lair:6   | Reached skill level 17 in Axes
 18445 | Lair:6   | Reached XP level 14. HP: 121/127 MP: 13/13
 19099 | Lair:6   | Reached skill level 13 in Armour
 19728 | D:12     | Noticed Nessos
 19749 | D:12     | Killed Nessos
 19764 | D:12     | HP: 31/127 [poisoned by Nessos]
 19770 | D:12     | HP: 30/127 [poisoned by Nessos]
 19777 | D:12     | HP: 31/127 [poisoned by Nessos]
 19785 | D:12     | HP: 31/127 [poisoned by Nessos]
 20349 | D:13     | Found a gate to the Vaults.
 20349 | D:13     | Noticed Rupert
 20349 | D:13     | Noticed Urug
 20356 | D:13     | Reached skill level 13 in Fighting
 20362 | D:12     | HP: 23/129 [Rupert/great sword of slicing (21)]
 20363 | D:12     | Reached skill level 12 in Dodging
 20364 | D:12     | Slain by Rupert

Vault maps used:
D:1:      minmay_arrival_checkered_box
D:2:      first_bread, st_stairs_7, minmay_small_reverse_x
D:3:      eat_drink_and_be_merry_uskayaw, uniq_iyjb, uniq_natasha
D:4:      uniq_duvessa
D:5:      uniq_eustachio, uniq_sigmund
D:6:      serial_shops, shop, nicolae_shop_behind_doors, shop, shop,
          uniq_grinder
D:7:      serial_glass, glass_columns_b, glass_columns_a, the_bakery,
          minmay_misc_feat_tiny, tgw_kikubaaqudgha, uniq_crazy_yiuf_cottage,
          uniq_joseph, uniq_prince_ribbit1
D:8:      minmay_overflow_temple_hex, serial_shops, shop_fountains,
          uniq_gastronok
D:9:      minmay_lair_entry_grove, enter_bailey_2, uniq_erica
D:10:     minmay_orc_entry_guard_dogs, serial_shops, nicolae_shop_behind_doors
D:12:     minmay_misc_feat_cross, uniq_nessos
D:13:     david_vaults_3, serial_aquarium, aquarium_bridge_straight,
          aquarium_bridge_long_separate, aquarium_window_corner,
          aquarium_window_1, aquarium_window_corridor_3, aquarium_view_2f,
          aquarium_view_2b, aquarium_balcony_double_4
Lair:1:   lemuel_fruit_fields, grunt_megastairs_5, serial_bayou_shore_a,
          minmay_lair_oklob_chamber
Lair:2:   eino_house_with_fridge
Lair:3:   nicolae_swamp_entry_splash_gauntlet, spider_nest_entry_webs
Lair:5:   regret_index_combs_of_tragedy, serial_bayou_lagoon_a
Lair:6:   minmay_lair_end_enchanted_forest, minmay_slime_entry_oklob_enclosed
Bailey:   bailey_axe_2, bailey

Skill      XL: |  1  2  3  4  5  6  7  8  9 10 11 12 13 14 |
---------------+-------------------------------------------+-----
Axes           | 4 5 6 8 9 11 12 13 15 17 | 17.8
Fighting       | 4 5 6 7 8 10 11 12 13 | 13.0
Armour         | 3 4 5 6 7 8 10 11 12 13 | 13.2
Dodging        | 3 4 5 7 9 10 11 12 | 12.0
Shields        | 4 7 9 |  9.1

Action                   |  1- 3 |  4- 6 |  7- 9 | 10-12 | 13-15 || total
-------------------------+-------+-------+-------+-------+-------++-------
Melee: Hand axe          |   111 |   178 |   128 |       |       ||   417
       Headbutt          |    10 |    32 |    59 |   155 |   127 ||   383
       War axe           |       |       |   129 |   613 |   248 ||   990
       Flail             |       |       |       |     6 |    76 ||    82
       Battleaxe         |       |       |       |       |   262 ||   262
Invok: Berserk           |       |     2 |     6 |     3 |     1 ||    12
       Trog's Hand       |       |     1 |     1 |     3 |     1 ||     6
       Burn Spellbooks   |       |       |       |     2 |     3 ||     5
       Brothers in Arms  |       |       |       |       |     1 ||     1
Evoke: Wand              |       |       |       |     2 |     2 ||     4
  Use: Scroll            |       |     5 |    13 |    13 |    11 ||    42
 Stab: Sleeping          |     1 |       |       |       |       ||     1
       Distracted        |       |       |       |       |     1 ||     1
  Eat: Chunk             |     1 |     8 |    14 |    19 |    18 ||    60
       Beef jerky        |       |       |     1 |       |     1 ||     2
       Pizza             |       |       |     1 |       |       ||     1
       Royal jelly       |       |       |     1 |     1 |       ||     2
       Fruit             |       |       |       |     7 |     2 ||     9
Armor: Plate armour      |    75 |    98 |   130 |   237 |   242 ||   782
Dodge: Dodged            |    35 |    59 |    81 |   279 |   408 ||   862
Block: Buckler           |       |       |    26 |   141 |    63 ||   230

Vault maps used:
D:1:      minmay_arrival_checkered_box
D:2:      first_bread, st_stairs_7, minmay_small_reverse_x
D:3:      eat_drink_and_be_merry_uskayaw, uniq_iyjb, uniq_natasha
D:4:      uniq_duvessa
D:5:      uniq_eustachio, uniq_sigmund
D:6:      serial_shops, shop, nicolae_shop_behind_doors, shop, shop,
          uniq_grinder
D:7:      serial_glass, glass_columns_b, glass_columns_a, the_bakery,
          minmay_misc_feat_tiny, tgw_kikubaaqudgha, uniq_crazy_yiuf_cottage,
          uniq_joseph, uniq_prince_ribbit1
D:8:      minmay_overflow_temple_hex, serial_shops, shop_fountains,
          uniq_gastronok
D:9:      minmay_lair_entry_grove, enter_bailey_2, uniq_erica
D:10:     minmay_orc_entry_guard_dogs, serial_shops, nicolae_shop_behind_doors
D:12:     minmay_misc_feat_cross, uniq_nessos
D:13:     david_vaults_3, serial_aquarium, aquarium_bridge_straight,
          aquarium_bridge_long_separate, aquarium_window_corner,
          aquarium_window_1, aquarium_window_corridor_3, aquarium_view_2f,
          aquarium_view_2b, aquarium_balcony_double_4
Lair:1:   lemuel_fruit_fields, grunt_megastairs_5, serial_bayou_shore_a,
          minmay_lair_oklob_chamber
Lair:2:   eino_house_with_fridge
Lair:3:   nicolae_swamp_entry_splash_gauntlet, spider_nest_entry_webs
Lair:5:   regret_index_combs_of_tragedy, serial_bayou_lagoon_a
Lair:6:   minmay_lair_end_enchanted_forest, minmay_slime_entry_oklob_enclosed
Bailey:   bailey_axe_2, bailey

Table legend:
 A = Turns spent in this place as a percentage of turns spent in the entire game.
 B = Non-inter-level travel turns spent in this place as a percentage of non-inter-level travel turns spent in the entire game.
 C = Inter-level travel turns spent in this place as a percentage of turns spent in this place.
 D = Turns resting spent in this place as a percentage of non-inter-level travel turns spent in this place.
 E = Turns spent auto-exploring this place as a percentage of non-inter-level travel turns spent in this place.
 F = Non-inter-level travel turns spent in this place divided by the number of levels of this place that you've seen.
                   A       B       C       D       E      F
               +-------+-------+-------+-------+-------+----------------------
         Total | 100.0 | 100.0 |   0.6 |   5.5 |  10.8 | 221.1
       Dungeon |  56.5 |  56.4 |   0.7 |   5.0 |  13.3 | 191.8
          Lair |  40.0 |  40.1 |   0.4 |   6.5 |   8.0 | 295.5
        Bailey |   3.5 |   3.5 |   0.0 |   3.2 |   2.5 | 157.0
               +-------+-------+-------+-------+-------+----------------------

Table legend:
 A = Kills in this place as a percentage of kills in entire the game.
 B = Kills by you in this place as a percentage of kills by you in the entire game.
 C = Kills by friends in this place as a percentage of kills by friends in the entire game.
 D = Other kills in this place as a percentage of other kills in the entire game.
 E = Experience gained in this place as a percentage of experience gained in the entire game.
 F = Experience gained in this place divided by the number of levels of this place that you have seen.
                   A       B       C       D       E      F
               +-------+-------+-------+-------+-------+----------------------
         Total | 100.0 | 100.0 | 100.0 | 100.0 | 100.0 | 4036.9
       Dungeon |  53.0 |  52.7 | 100.0 | 100.0 |  41.5 | 2580.0
          Lair |  41.2 |  41.4 |   0.0 |   0.0 |  58.0 | 7808.8
        Bailey |   5.8 |   5.8 |   0.0 |   0.0 |   0.4 | 344.0
               +-------+-------+-------+-------+-------+----------------------
